 Dungeon Crawl Stone Soup version 0.27-a0-277-g024f7ef292 (webtiles) character file.

Game seed: 5550879769643752246

98 siradein the Firebug (level 4, -7/33 HPs)
             Began as a Hill Orc Fire Elementalist on Feb 6, 2021.
             Mangled by Sigmund
             ... wielding a +0 vorpal scythe
              (20 damage)
             ... on level 2 of the Dungeon.
             The game lasted 00:05:34 (1738 turns).

siradein the Firebug (Hill Orc Fire Elementalist)   Turns: 1738, Time: 00:05:35

Health: -7/33      AC:  6    Str: 10    XL:     4   Next: 71%
Magic:  2/7        EV: 12    Int: 16    God:
Gold:   33         SH:  0    Dex: 11    Spells: 0/7 levels left

rFire    . . .     SeeInvis .   i - +2 short sword (vamp)
rCold    . . .     Faith    .   (no shield)
rNeg     . . .     Spirit   .   a - +0 robe
rPois    .         Reflect  .   (no helmet)
rElec    .         Harm     .   (no cloak)
rCorr    .         Rampage  .   (no gloves)
Will     +....                  (no boots)
Stlth    ++........             (no amulet)
HPRegen  0.11/turn              l - ring of willpower
MPRegen  0.10/turn              m - +4 ring of protection

@: very slightly contaminated
A: no striking features
a: no special abilities


You were on level 2 of the Dungeon.
You visited 1 branch of the dungeon, and saw 2 of its levels.

You collected 33 gold pieces.

Inventory:

Hand Weapons
 i - a +2 vampiric short sword (weapon)
Armour
 a - a +0 robe (worn)
Jewellery
 l - a ring of willpower (left hand)
 m - a +4 ring of protection (right hand)
Scrolls
 b - a scroll of fog {unknown}
 c - a scroll of noise {unknown}
 d - 2 scrolls of identify {unknown}
 e - a scroll of fear {unknown}
 f - a scroll of immolation {unknown}
 h - a scroll of amnesia {unknown}
 k - a scroll of remove curse {unknown}
Potions
 g - 2 potions of heal wounds {unknown}
 j - a potion of mutation {unknown}


   Skills:
 - Level 1.5 Dodging
 - Level 1.5 Stealth
 + Level 2.2 Spellcasting
 + Level 2.7 Conjurations
 + Level 4.4 Fire Magic


You couldn't memorise any spells.
You knew the following spells:

 Your Spells              Type           Power        Failure   Level
a - Foxfire               Conj/Fire      52%          4%          1
b - Conjure Flame         Conj/Fire      13%          14%         3
c - Inner Flame           Hex/Fire       8%           24%         3

Your spell library contained the following spells:

 Spells                   Type           Power        Failure   Level
 Sticky Flame             Conj/Fire      13%          43%         4
 Fireball                 Conj/Fire      6%           78%         5


Dungeon Overview and Level Annotations

Branches:
Dungeon (2/15)

Altars:
Ashenzari
Makhleb

Annotations:
D:2 Sigmund


Message History

Confirm with . or Enter, or press ? or * to list all spells.
You miscast Foxfire.
You are very lightly contaminated with residual magic.
Nothing appears to happen.
Sigmund closely misses you.
Casting: Foxfire (safe; 4% risk of failure)
Confirm with . or Enter, or press ? or * to list all spells.
You conjure some foxfire!
Sigmund hits you with a +0 vorpal scythe!
You closely miss Sigmund.
Sigmund is heavily wounded.
The foxfire hits Sigmund.
Sigmund is severely wounded.
The foxfire hits Sigmund but does no damage.
Sigmund is severely wounded.
Casting: Foxfire (safe; 4% risk of failure)
Confirm with . or Enter, or press ? or * to list all spells.
You conjure some foxfire!
Sigmund hits you with a +0 vorpal scythe!!
Ouch! That really hurt!
You die...

......#.....##........
............##........
.....#......##......#
....................##
........#.............
....#........##......
#..##...........####. ..#
#......§v....# #.
#......@...#.... .##
#>....@v.#..##.#
.!###........##.....
#.#..........# ###.#
#.####...######..## ##.#
... ......### ###.>## #..
... ###.##†..####.....#
#.# #.#
.†..††....@...)...####.#
###.##
#.#.##..#####..........##
#.>...


You could see Sigmund (strong).

Vanquished Creatures
  6 adders (D:2)
  A worm (D:2)
  A dart slug (D:1)
  A leopard gecko (D:1)
  2 ball pythons
  A giant cockroach (D:1)
  4 goblins
  10 hobgoblins
  A jackal (D:2)
  3 kobolds
  3 bats
  3 frilled lizards
  5 rats
41 creatures vanquished.

Vanquished Creatures (others)
  107 foxfires
107 creatures vanquished.

Grand Total: 148 creatures vanquished

Notes
Turn   | Place    | Note
-------+----------+-------------------------------------------
     0 | D:1      | siradein the Hill Orc Fire Elementalist began the quest for
                  | the Orb.
     0 | D:1      | Reached XP level 1. HP: 14/14 MP: 3/3
   160 | D:1      | Reached XP level 2. HP: 20/20 MP: 1/4
  1036 | D:2      | Reached XP level 3. HP: 26/26 MP: 2/5
  1054 | D:2      | Learned a level 3 spell: Conjure Flame
  1110 | D:2      | Found a broken altar of Ashenzari.
  1121 | D:2      | Reached skill level 4 in Fire Magic
  1342 | D:2      | Found a burning altar of Makhleb.
  1379 | D:2      | Reached XP level 4. HP: 32/33 MP: 3/7
  1383 | D:2      | Learned a level 3 spell: Inner Flame
  1684 | D:2      | Noticed Sigmund
  1738 | D:2      | Mangled by Sigmund

Illustrated notes

Levels and vault maps discovered:
D:1:      lightli_arrival_statuegarden, layout_loops_cross
D:2:      layout_rooms, lemuel_blue_sif_altar, overflow_temple_1_default,
          grunt_temple_overflow_open, minmay_misc_feat_square,
          minmay_misc_feat_alley, kennysheep_cluttered_room, minivault_11,
          minmay_diced_spiral, uniq_sigmund

Skill      XL: |  1  2  3 |
---------------+----------+-----
Conjurations   | 2 |  2.7
Fire Magic     | 4 |  4.4
Spellcasting   | 2 |  2.2
Dodging        | |  1.5
Stealth        | |  1.5

Action                   |  1- 3 |  4- 6 || total
-------------------------+-------+-------++-------
Melee: Unarmed           |     4 |       ||     4
       Short sword       |    13 |    12 ||    25
 Cast: Foxfire           |    42 |    24 ||    66
 Stab: Sleeping          |     1 |       ||     1
Armor: Robe              |     3 |     3 ||     6
Dodge: Dodged            |     8 |     9 ||    17

Table legend: (Time is in decaauts)
 A = Elapsed time spent in this place.
 B = Non-inter-level travel time spent in this place.
 C = Inter-level travel time spent in this place.
 D = Time resting spent in this place.
 E = Time spent auto-exploring this place.
 F = Levels seen in this place.
 G = Mean time per level.
                   A        B        C        D        E       F      G
               +--------+--------+--------+--------+--------+-----+--------+
         Total |   1740 |   1727 |     13 |     28 |   1399 |   2 |  870.0 |
       Dungeon |   1740 |   1727 |     13 |     28 |   1399 |   2 |  870.0 |
               +--------+--------+--------+--------+--------+-----+--------+

Top non-repeatable levels by time:
     D:1: 1063 daAuts
     D:2: 677 daAuts
